 Dungeon Crawl Stone Soup version 0.25-a0-700-g7f8a797 (webtiles) character file.

Game seed: 6669346770723897147, levelgen mode: deterministic

712 Ardor the Slasher (level 8, 0/60 HPs)
             Began as a Formicid Fighter on Apr 3, 2020.
             Slain by an orc
             ... wielding a +0 flail
              (3 damage)
             ... on level 4 of the Dungeon.
             The game lasted 00:05:34 (2896 turns).

Ardor the Slasher (Formicid Fighter)                Turns: 2896, Time: 00:05:35

Health: 0/60       AC: 12    Str: 22    XL:     8   Next: 0%
Magic:  8/8        EV:  6    Int: 12    God:
Gold:   181        SH:  0    Dex: 10    Spells: 7/7 levels left

rFire    + . .     SeeInvis +   w - +0 scimitar
rCold    . . .     Gourm    .   (no shield)
rNeg     . . .     Faith    .   n - +0 plate armour
rPois    .         Spirit   .   (helmet unavailable)
rElec    .         Reflect  .   d - +0 cloak (curse)
rCorr    .         Harm     .   (no gloves)
MR       .....                  (no boots)
Stlth    ..........             (no amulet)
HPRegen  0.20/turn              o - +3 ring of intelligence
MPRegen  0.11/turn              p - ring of protection from fire

@: no status effects
A: permanent stasis, dig shafts and tunnels, four strong arms, antennae 3
a: Dig, Shaft Self


You were on level 4 of the Dungeon.
You were not hungry.

You visited 1 branch of the dungeon, and saw 4 of its levels.

You collected 181 gold pieces.

Inventory:

Hand Weapons
 a - a +0 shortbow
 w - a +0 scimitar (weapon)
Armour
 c - a +0 kite shield
 d - a cursed +0 cloak (worn)
 n - a +0 plate armour (worn)
Jewellery
 o - a +3 ring of intelligence (left hand)
 p - a ring of protection from fire (right hand)
Scrolls
 b - a scroll of noise {unknown}
 e - a scroll of fear {unknown}
 i - 2 scrolls of identify {unknown}
 j - 4 scrolls of enchant weapon {unknown}
 k - 2 scrolls of immolation {unknown}
 l - 4 scrolls of remove curse {unknown}
 q - a scroll of teleportation {unknown}
 t - a scroll of enchant armour {unknown}
Potions
 g - 2 potions of heal wounds {unknown}
 h - a potion of cancellation {unknown}
 m - 2 potions of resistance {unknown}
 r - a potion of lignification {unknown}
 s - a potion of flight {unknown}
 u - a potion of invisibility {unknown}
 v - a potion of brilliance {unknown}
Comestibles
 f - 4 rations


   Skills:
 - Level 4.0 Fighting
 * Level 7.0 Long Blades
 - Level 3.2 Armour
 + Level 6.1 Shields


You had 7 spell levels left.
You didn't know any spells.
Your spell library contained the following spells:

 Spells                   Type           Power        Failure   Level  Hunger
 Beastly Appendage        Tmut           #.....       100%        1    ##.....
 Sticks to Snakes         Tmut           #.......     100%        2    ###....
 Spider Form              Tmut/Pois      #.........   100%        3    ####...
 Ice Form                 Ice/Tmut       #.......     100%        4    #####..
 Blade Hands              Tmut           #.........   100%        5    ######.


Dungeon Overview and Level Annotations

Branches:
Dungeon (4/15)
 Temple: D:4-7

Altars:
Ashenzari
Nemelex Xobeh
Qazlal
Vehumet


Innate Abilities, Weirdness & Mutations

You cannot be hasted, slowed, berserked, paralysed or teleported.
You can dig through walls and to a lower floor.
Your four strong arms can wield two-handed weapons with a shield.
You have a pair of large antennae on your head. (SInv)


Message History

The ogre is almost dead.
The ogre hits you with a +0 giant club!
Your plate armour prevents you from hitting the ogre.
The ogre is almost dead.
The ogre hits you with a +0 giant club!
You are too injured to fight recklessly!
You are too injured to fight recklessly!
You are too injured to fight recklessly!
You barely miss the ogre.
The ogre is almost dead.
The ogre hits you with a +0 giant club!!
* * * LOW HITPOINT WARNING * * *
You slash the ogre!
You kill the ogre!
Your Long Blades skill increases to level 7!
Your Shields skill increases to level 6!
You have reached level 8!
You feel clever.
You closely miss the orc. The orc hits you with a +0 flail.
You die...

### ##@# ### #o##
#######)##
#########{###.....##[#
#......#....#.....#.##
#......'....#......##
#....o.#....#.....##
#......#....#.....# {
#...o..#....#.....#
##.....##...'.....########


You could see an orc.

Vanquished Creatures
  Grinder (D:3)
  An ogre (D:4)
  4 wights (D:4)
  A bullfrog skeleton (D:4)
  Jessica (D:3)
  An iguana (D:4)
  A worker ant (D:4)
  A hound skeleton (D:4)
  5 adders
  2 worms (D:3)
  3 dart slugs
  4 leopard geckos
  9 orcs
  A giant cockroach (D:1)
  7 goblins
  7 hobgoblins
  11 jackals
  2 quokkas
  3 ball pythons
  11 bats
  8 frilled lizards
  6 kobolds
  5 rats
95 creatures vanquished.

Notes
Turn   | Place    | Note
-------+----------+-------------------------------------------
     0 | D:1      | Ardor the Formicid Fighter began the quest for the Orb.
     0 | D:1      | Reached XP level 1. HP: 18/18 MP: 1/1
    99 | D:1      | Reached XP level 2. HP: 24/24 MP: 2/2
   733 | D:2      | Reached XP level 3. HP: 22/30 MP: 3/3
   744 | D:2      | Reached skill level 3 in Long Blades
   861 | D:2      | Found a shattered altar of Ashenzari.
   865 | D:2      | Saw a vision of the Shoals and the Spider Nest.
   865 | D:2      | Noticed a redback
   865 | D:2      | Noticed a redback
   865 | D:2      | Noticed a scorpion
   865 | D:2      | Noticed a wolf spider
   865 | D:2      | Noticed a hornet
   865 | D:2      | Noticed a redback
   865 | D:2      | Noticed a wolf spider
   865 | D:2      | Noticed a redback
   865 | D:2      | Noticed a redback
   865 | D:2      | Noticed a sea snake
   865 | D:2      | Noticed a hippogriff
   865 | D:2      | Noticed a sea snake
   865 | D:2      | Noticed a hippogriff
   865 | D:2      | Noticed a sea snake
   865 | D:2      | Noticed a hippogriff
   866 | D:2      | Noticed a merfolk
   895 | D:2      | Found a radiant altar of Vehumet.
   973 | D:2      | Reached XP level 4. HP: 36/37 MP: 4/4
  1255 | D:2      | Found a sparkling altar of Nemelex Xobeh.
  1255 | D:2      | Found a stormy altar of Qazlal.
  1442 | D:3      | Noticed Grinder
  1474 | D:3      | Noticed Jessica
  1503 | D:3      | Killed Jessica
  1503 | D:3      | Reached skill level 4 in Long Blades
  1503 | D:3      | Reached XP level 5. HP: 33/42 MP: 5/5
  1701 | D:3      | Killed Grinder
  1701 | D:3      | Reached skill level 5 in Long Blades
  1701 | D:3      | Reached skill level 5 in Shields
  1701 | D:3      | Reached XP level 6. HP: 20/48 MP: 6/6
  2311 | D:3      | Reached XP level 7. HP: 54/54 MP: 7/7
  2551 | D:4      | Reached skill level 6 in Long Blades
  2894 | D:4      | HP: 2/54 [ogre/+0 giant club (23)]
  2895 | D:4      | Reached skill level 7 in Long Blades
  2895 | D:4      | Reached XP level 8. HP: 3/60 MP: 8/8
  2896 | D:4      | Slain by an orc

Levels and vault maps discovered:
D:1:      tarquinn_simple_flora_water_d, layout_basic
D:2:      layout_loops_ring, vehumet_crystals,
          gammafunk_temple_overflow_elements, grunt_ashenzari_visionary
          [grunt_ashenzari_visionary_shoals, grunt_ashenzari_visionary_spider]
D:3:      layout_rooms, hex_medium, roderic_serpentine_path, minmay_circle_x,
          uniq_jessica, uniq_grinder
D:4:      layout_gridville, serial_shops, nicolae_shop_trees, first_ration,
          uniq_menkaure, uniq_blork_the_orc

Skill      XL: |  1  2  3  4  5  6  7 |
---------------+----------------------+-----
Long Blades    | 3 4 5 7 |  7.0
Fighting       | 4 |  4.0
Shields        | 5 6 |  6.1
Armour         | |  3.2

Action                   |  1- 3 |  4- 6 |  7- 9 || total
-------------------------+-------+-------+-------++-------
Melee: Long sword        |   125 |   173 |    39 ||   337
       Scimitar          |       |       |    24 ||    24
 Abil: Dig               |       |     1 |     3 ||     4
  Use: Potion            |       |     1 |       ||     1
  Eat: Chunk             |       |     1 |     3 ||     4
       Ration            |       |     1 |       ||     1
Armor: Scale mail        |    16 |       |       ||    16
       Plate armour      |    83 |   119 |    36 ||   238
Dodge: Dodged            |    63 |    52 |    16 ||   131
       Rpst.: Long sword |    22 |    17 |     4 ||    43
       Scimitar          |       |       |     1 ||     1

Table legend:
 A = Non-vault XP
 B = Vault XP
 C = Vault XP percentage of total XP
 D = Non-vault monster count
 E = Vault monster count
 F = Vault count percentage of total count
                 A         B        C        D         E       F
            +---------+---------+-------+---------+---------+-------
      Total |     694 |     324 |  31.8 |      88 |       7 |   7.4
            +---------+---------+-------+---------+---------+-------
        D:1 |      19 |       0 |   0.0 |      14 |       0 |   0.0
        D:2 |      83 |       0 |   0.0 |      33 |       0 |   0.0
        D:3 |     102 |     324 |  76.1 |      30 |       7 |  18.9
        D:4 |     490 |       0 |   0.0 |      11 |       0 |   0.0
            +---------+---------+-------+---------+---------+-------
